AoeStats
← cvlp

MegaRandom

508703151Analyzed
4v4 RM · 9d ago on Sep 23, 2026· 58m 29s· 8 players
Game mode
Random Map
Map size
Large (8 player)
Population
200
Speed
Normal
Resources
Standard
Victory
Conquest
Starting age
Dark Age
Ending age
Imperial Age
RankedLock teamsTeams togetherTeam positionsShared explorationLock speedFull tech treeHidden civsTurbo modeCheats
Victory
Defeat
🇨🇳 Saxons · China
1433
+12
🇨🇳 Danes · China
1393
+14
🇨🇳 Varangians · China
1361
+15
🇨🇳 Khmer · China
1322
+17
🇸🇪 Celts · Sweden
1352
-15
1346
-15
🇪🇸 Mongols · Spain
1341
-14
🇦🇷 Maya · Argentina
1329
-14
IMPORTAINER S.A @ DaNkoN_ARG
0:32 Loom
12:54 Feudal Age
14:41 Double-Bit Axe
18:13 Fletching
18:52 Padded Archer Armor
24:42 Wheelbarrow
24:44 Horse Collar
29:27 Castle Age
29:32 Crossbowman
30:08 Bodkin Arrow
30:23 Thumb Ring
31:03 Hand Cart
31:35 Leather Archer Armor
37:56 Heavy Plow
40:12 Town Watch
42:01 Scale Mail Armor
42:12 Forging
41:59 Pikeman
42:40 Squires
42:01 Eagle Warrior
43:48 Chain Mail Armor
44:09 Bow Saw
44:24 Gold Mining
MaverickGG1403
5:50 Loom
9:44 Feudal Age
10:34 Double-Bit Axe
16:03 Town Watch
16:30 Fletching
18:43 Wheelbarrow
24:06 Castle Age
22:49 Gold Mining
22:40 Horse Collar
24:12 Crossbowman
25:15 Bow Saw
25:30 Bodkin Arrow
33:30 Imperial Age
34:11 Stone Mining
34:25 Bracer
36:27 Chemistry
36:44 Padded Archer Armor
36:51 Scale Barding Armor
38:26 Conscription
40:56 Thumb Ring
43:02 Husbandry
43:56 Bloodlines
44:15 Parthian Tactics
44:31 Ballistics
50:20 Elite Mangudai
52:38 Chain Barding Armor
52:33 Leather Archer Armor
52:22 Light Cavalry
58:28 Murder Holes
58:44 Masonry
58:48 Forging
[L_Clan]~Connotado~
5:10 Loom
11:47 Feudal Age
17:45 Castle Age
16:05 Horse Collar
17:26 Double-Bit Axe
18:34 Scale Mail Armor
21:03 Squires
22:09 Forging
23:53 Gold Mining
25:53 Wheelbarrow
26:04 Chain Mail Armor
26:44 Arson
26:43 Pikeman
29:38 Bow Saw
29:31 Heavy Plow
32:28 Iron Casting
35:56 Stone Mining
36:50 Hand Cart
41:02 Imperial Age
41:05 Halberdier
42:25 Plate Mail Armor
42:16 Elite Varangian Guard
44:46 Gothikon
48:25 Blast Furnace
47:16 Fletching
47:13 Town Watch
51:09 Bodkin Arrow
52:25 Bracer
jokedapoke
19:03 Loom
22:44 Feudal Age
24:51 Double-Bit Axe
27:15 Fletching
37:15 Castle Age
36:59 Horse Collar
38:17 Bodkin Arrow
49:44 Coinage
50:13 Medium Warships
Teaht
6:13 Loom
9:54 Feudal Age
10:30 Double-Bit Axe
10:48 Man-at-Arms
13:47 Arson
16:31 Scale Mail Armor
22:47 Castle Age
24:16 Bow Saw
25:31 Gold Mining
26:28 Chain Mail Armor
26:25 Forging
33:58 Hamask
35:44 Gold Shaft Mining
38:20 Imperial Age
38:57 Wheelbarrow
38:44 Squires
38:30 Gambesons
39:23 Iron Casting
39:43 Conscription
39:37 Elite Varangian Guard
39:43 Capped Ram
42:10 Plate Mail Armor
42:41 Blast Furnace
43:15 Stone Mining
43:46 Hand Cart
45:50 Horse Collar
45:58 Town Watch
47:02 Stone Shaft Mining
49:23 Siege Ram
50:39 Coinage
51:51 Siege Engineers
52:47 Chemistry
52:28 Banking
kagantua
6:52 Loom
10:59 Feudal Age
12:02 Double-Bit Axe
12:02 Horse Collar
16:42 Scale Barding Armor
22:38 Castle Age
23:10 Forging
23:19 Bloodlines
23:39 Chain Barding Armor
23:36 Husbandry
24:15 Bow Saw
23:30 Light Cavalry
26:38 Gold Mining
28:53 Gold Shaft Mining
30:57 Iron Casting
39:40 Imperial Age
37:55 Stone Mining
40:49 Wheelbarrow
41:08 Double Crossbow
40:54 Cavalier
43:38 Chemistry
44:26 Elite Ballista Elephant
45:54 Conscription
45:56 Heavy Scorpion
47:37 Plate Barding Armor
47:30 Ballistics
46:42 Hussar
50:12 Siege Engineers
54:53 Blast Furnace
54:52 Heavy Plow
cvlp
8:22 Loom
10:42 Feudal Age
14:54 Castle Age
14:51 Double-Bit Axe
20:22 Scale Barding Armor
21:42 Bloodlines
23:18 Horse Collar
24:16 Chain Barding Armor
32:21 Wheelbarrow
34:28 Vendel Legacy
38:54 Forging
38:51 Husbandry
40:26 Iron Casting
41:11 Hand Cart
45:03 Imperial Age
43:05 Town Watch
43:48 Gold Mining
43:50 Stone Mining
44:27 Town Patrol
44:54 Ballistics
46:56 Conscription
47:13 Plate Barding Armor
46:00 Cavalier
48:12 Blast Furnace
48:13 Fletching
48:23 Padded Archer Armor
49:55 Chemistry
49:01 Siege Engineers
49:19 Elite Skirmisher
50:51 Bodkin Arrow
51:12 Leather Archer Armor
52:58 Bracer
53:29 Ring Archer Armor
57:12 Light Cavalry
Moririnnx
7:10 Loom
11:41 Feudal Age
12:05 Man-at-Arms
14:07 Scale Mail Armor
15:42 Arson
19:41 Double-Bit Axe
19:42 Horse Collar
21:12 Wheelbarrow
23:47 Town Watch
29:53 Castle Age
31:22 Long Swordsman
32:03 Squires
43:45 Hand Cart
44:54 Gold Mining
44:56 Stone Mining
45:17 Bow Saw
45:34 Town Patrol
50:13 Imperial Age
48:32 Heavy Plow
48:28 Fletching
49:35 Chain Mail Armor
49:31 Forging
51:35 Gold Shaft Mining
51:25 Conscription
51:37 Plate Mail Armor
52:43 Two-Man Saw
52:15 Crop Rotation
52:58 Shield Wall
54:14 Iron Casting
54:40 Bodkin Arrow
55:47 Chemistry
55:08 Ballistics
54:27 Elite Hearth Troop
55:37 Elite Varangian Guard
56:31 Gambesons
57:52 Bracer
58:44 Padded Archer Armor
58:50 Scale Barding Armor
Connection lost

Rejoining the realm…

Still unreachable

The connection could not be restored.

Session expired

The server has moved on; the page needs a fresh start.